 Dungeon Crawl Stone Soup version 0.31-a0-221-gbddc013574 (webtiles) character file.

Game seed: 16858622015253197937

66 Nietzsche the Sneak (level 3, 0/30 HPs)
             Began as a Draconian Brigand on July 4, 2023.
             Slain by a kobold brigand
             ... wielding a +2 dagger of venom
              (5 damage)
             ... on level 3 of the Dungeon.
             The game lasted 00:02:34 (1015 turns).

Nietzsche the Sneak (Draconian Brigand)             Turns: 1015, Time: 00:02:34

Health: 0/30       AC:  7    Str: 13    XL:     3   Next: 96%
Magic:  3/3        EV: 12    Int: 13    God:
Gold:   127        SH:  0    Dex: 12    Spells: 2/2 levels left

rFire   . . .        n - +1 dagger (drain)
rCold   . . .        (no shield)
rNeg    . . .        (body armour unavailable)
rPois   .            (helmet restricted)
rElec   .            b - +1 cloak
rCorr   .            (no gloves)
SInv    .            (no boots)
Will    .....        (no amulet)
Stlth   +++          (no ring)
HPRegen 0.25/turn    (no ring)
MPRegen 0.08/turn

%: no passive effects
@: lethally poisoned (0 -> -23), slowed, very slow
A: AC +5, unfitting armour, cold-blooded
a: no special abilities


You were on level 3 of the Dungeon.
You visited 1 branch of the dungeon, and saw 3 of its levels.

You collected 127 gold pieces.

Inventory:

Hand Weapons
 a - a +2 dagger
 n - a +1 dagger of draining (weapon)
Missiles
 c - 9 poisoned darts (quivered)
 d - 3 curare-tipped darts
Armour
 b - a +1 cloak (worn)
Jewellery
 i - a ring of protection from cold
Scrolls
 e - a scroll of immolation {unknown}
 f - a scroll of blinking {unknown}
 g - a scroll of enchant armour
 k - a scroll of noise {unknown}
 l - a scroll of fear {unknown}
Potions
 h - a potion of heal wounds {unknown}
 j - a potion of lignification {unknown}
 m - a potion of cancellation {unknown}


   Skills:
 + Level 2.4 Fighting
 + Level 2.4 Short Blades
 - Level 1.9 Throwing
 + Level 1.6 Dodging
 + Level 4.5 Stealth


You had 2 spell levels left.
You didn't know any spells.
Your spell library contained the following spells:

 Spells                   Type           Power      Damage    Failure   Level
 Apportation              Tloc           0%         N/A       30%         1
 Necrotise                Necr           0%         1d4       30%         1
 Summon Small Mammal      Summ           0%         N/A       30%         1


Dungeon Overview and Level Annotations

Branches:
Dungeon (3/15)

Altars:
Cheibriados


Innate Abilities, Weirdness & Mutations

Your plain brown scales are hard. (AC +5)
You cannot fit into any form of body armour.
You are cold-blooded and may be slowed by cold attacks.


Message History

No target in view!
No target in view!
You see here a worm corpse.
You now have 127 gold pieces (gained 15).
A kobold brigand comes into view.
It is wielding a +2 dagger of venom and quivering curare-tipped darts.
The kobold brigand shouts!
The kobold brigand throws a curare-tipped dart.
The curare-tipped dart hits you.
You are poisoned.
You have difficulty breathing.
You feel yourself slow down.
You feel very sick.
The kobold brigand hits you but does no damage.
You hit the kobold brigand but do no damage.
You drain the kobold brigand.
The kobold brigand is lightly wounded.
You feel sick. The kobold brigand barely misses you.
You barely miss the kobold brigand.
The kobold brigand is lightly wounded.
You feel sick.
The kobold brigand hits you but does no damage.
You are more poisoned.
You barely miss the kobold brigand.
Your tail-slap misses the kobold brigand.
The kobold brigand is lightly wounded.
You feel very sick.
The kobold brigand hits you with a +2 dagger of venom.
You are lethally poisoned!
You are too injured to fight recklessly!
You are too injured to fight recklessly!
You are too injured to fight recklessly!
You hit the kobold brigand but do no damage.
You drain the kobold brigand.
The kobold brigand is lightly wounded.
* * * LOW HITPOINT WARNING * * *
You feel very sick.
The kobold brigand hits you with a +2 dagger of venom.
* * * LOW HITPOINT WARNING * * *
You are more poisoned.
The kobold brigand hits you with a +2 dagger of venom.
You die...

#.............. #..
#..........#### #.. ..
#..........# ##.
....###..........# #.
#.......########## #.
######....### #.
##.#...## ##.
#.###..####### #.. #..
##....@K.# #######..
##.
#######...............
. ##.#########.. ..
... #.. #..#####.
#....... ######...^
#.....†##.
#...#######.


You could see a kobold brigand (very drained).

Vanquished Creatures
  Natasha (D:3)
  A worm (D:3)
  3 ball pythons
  3 bats
  2 endoplasms
  6 giant cockroaches
  A hobgoblin (D:2)
  3 jackals (D:1)
  3 quokkas
  5 goblins
  3 kobolds (D:3)
  4 rats
35 creatures vanquished.

Notes
Turn   | Place    | Note
-------+----------+-------------------------------------------
     0 | D:1      | Nietzsche the Draconian Brigand began the quest for the
                  | Orb.
     0 | D:1      | Reached XP level 1. HP: 17/17 MP: 1/1
   184 | D:1      | Reached skill level 4 in Stealth
   195 | D:1      | Reached skill level 1 in Dodging
   195 | D:1      | Reached XP level 2. HP: 24/24 MP: 2/2
   557 | D:2      | Found a snail-covered altar of Cheibriados.
   738 | D:2      | Reached XP level 3. HP: 29/30 MP: 3/3
   811 | D:3      | Noticed Natasha
   825 | D:3      | Killed Natasha
  1008 | D:3      | Noticed a kobold brigand
  1015 | D:3      | Slain by a kobold brigand

Illustrated notes

Levels and vault maps discovered:
D:1:      ncdulo_lavacross, layout_loops_ring, minmay_worlds_worst_comb
D:2:      layout_loops_cross, basic_altar
D:3:      layout_rooms, uniq_natasha

Skill      XL: |  1 |
---------------+----+-----
Stealth        | 4 |  4.5
Dodging        | 1 |  1.6
Fighting       | |  2.4
Short Blades   | |  2.4
Throwing       | |  1.9

Action                     || total
---------------------------++-------
  Melee: Dagger            ||   118
         Tailslap          ||     8
         Punch             ||     1
    Use: Scroll            ||     2
   Stab: Sleeping          ||     6
         Distracted        ||     1
 Armour: Skin              ||    56
  Dodge: Dodged            ||    82

Table legend: (Time is in decaauts)
 A = Elapsed time spent in this place.
 B = Non-inter-level travel time spent in this place.
 C = Inter-level travel time spent in this place.
 D = Time resting spent in this place.
 E = Time spent auto-exploring this place.
 F = Levels seen in this place.
 G = Mean time per level.
                   A        B        C        D        E       F      G
               +--------+--------+--------+--------+--------+-----+--------+
         Total |   1010 |   1010 |      0 |      0 |    695 |   3 |  336.7 |
       Dungeon |   1010 |   1010 |      0 |      0 |    695 |   3 |  336.7 |
               +--------+--------+--------+--------+--------+-----+--------+

Top non-repeatable levels by time:
     D:1: 430 daAuts
     D:2: 371 daAuts
     D:3: 208 daAuts
